 Dungeon Crawl Stone Soup version 0.28.0-1-gb440e238dd (webtiles) character file.

Game seed: 5248766959009711396

112 jjjjhere the Chopper (level 4, -2/41 HPs)
             Began as a Hill Orc Cinder Acolyte on Feb 26, 2022.
             Was an Elder of Ignis.
             Slain by a gnoll (3 damage)
             ... on level 3 of the Dungeon.
             The game lasted 00:03:00 (2770 turns).

jjjjhere the Chopper (Hill Orc Cinder Acolyte)      Turns: 2770, Time: 00:03:01

Health: -2/41      AC:  6    Str: 16    XL:     4   Next: 95%
Magic:  5/5        EV:  6    Int: 14    God:    Ignis [****..]
Gold:   69         SH:  0    Dex:  8    Spells: 5/5 levels left

rFire   + + .      SeeInvis .   a - -1 hand axe (flame)
rCold   . . .      Faith    .   (no shield)
rNeg    . . .      Spirit   .   g - +0 scale mail
rPois   .          Reflect  .   (no helmet)
rElec   .          Harm     .   (no cloak)
rCorr   .          Rampage  .   (no gloves)
Will    +....                   (no boots)
Stlth   ..........              (no amulet)
HPRegen 0.13/turn               e - ring of willpower
MPRegen 0.09/turn               f - ring of protection from fire

@: constricted
A: no striking features
a: Renounce Religion, Fiery Armour, Foxfire Swarm, Rising Flame


You were on level 3 of the Dungeon.
You worshipped Ignis.
Ignis was greatly pleased with you.
You visited 1 branch of the dungeon, and saw 3 of its levels.

You collected 69 gold pieces.

Inventory:

Hand Weapons
 a - a -1 hand axe of flaming (weapon)
Armour
 b - a +0 robe
 g - a +0 scale mail (worn)
Jewellery
 e - a ring of willpower (left hand)
 f - a ring of protection from fire (right hand)
Scrolls
 c - 3 scrolls of identify {unknown}
 d - a scroll of fog {unknown}
 h - a scroll of vulnerability {unknown}
 j - a scroll of summoning {unknown}
 k - a scroll of blinking {unknown}
 l - a scroll of enchant armour {unknown}
Potions
 i - a potion of attraction {unknown}
 m - a potion of brilliance {unknown}
 n - a potion of heal wounds {unknown}
 o - a potion of ambrosia {unknown}
 p - a potion of might {unknown}


   Skills:
 + Level 4.5 Fighting
 * Level 6.6 Axes
 - Level 1.0 Spellcasting
 - Level 3.2 Fire Magic


You had 5 spell levels left.
You didn't know any spells.
Your spell library contained the following spells:

 Spells                   Type           Power      Damage    Failure   Level
 Scorch                   Fire           18%        2d5       36%         2
 Freeze                   Ice            0%         1d3       69%         1
 Sting                    Tmut/Pois      0%         1d3       69%         1
 Summon Small Mammal      Summ           0%         N/A       69%         1


Dungeon Overview and Level Annotations

Branches:
Dungeon (3/15)

Altars:

Shops:
D:2 :

Annotations:
D:3 Robin


Message History

The gnoll hits you with a +0 spear!
You barely miss the ball python. You hit the gnoll but do no damage.
The gnoll hits you from afar with a +0 halberd.
The ball python misses you. The ball python grabs you.
The ball python constricts you. The gnoll hits you but does no damage.
You escape the ball python's grasp.
The gnoll barely misses you. The gnoll completely misses you.
The ball python bites you but does no damage.
The ball python grabs you.
You stop ascending the stairs.
The ball python constricts you.
Unknown command.
Unknown command.
You barely miss the ball python. You closely miss the gnoll.
The gnoll hits you from afar with a +0 halberd.
The ball python bites you but does no damage.
The ball python constricts you. The gnoll hits you with a +0 spear!
You escape the ball python's grasp.
The gnoll hits you but does no damage. The gnoll hits you with a +0 spear.
The ball python barely misses you. The ball python grabs you.
You stop ascending the stairs.
The ball python constricts you.
Unknown command.
Unknown command.
You barely miss the ball python. You hit the gnoll. You burn the gnoll.
The gnoll barely misses you. The gnoll hits you with a +0 spear.
* * * LOW HITPOINT WARNING * * *
The ball python bites you.
* * * LOW HITPOINT WARNING * * *
The ball python constricts you.
You closely miss the ball python. You hit the gnoll. You burn the gnoll.
The gnoll hits you from afar with a +0 halberd!
* * * LOW HITPOINT WARNING * * *
The ball python bites you but does no damage.
The ball python constricts you. The gnoll hits you with a +0 spear.
* * * LOW HITPOINT WARNING * * *
Activating: Foxfire Swarm
Press: ? - help, Dir - look around, f - activate Flames leap up around you!
The gnoll barely misses you.
The ball python bites you but does no damage.
The ball python constricts you. The gnoll hits you with a +0 spear.
You die...

##....# ####.# #.#
#.# ####.## P≈
♣...g.# .≈P♣♣♣♣♣#.g#
#
≈.≈PP≈≈P...######...#
#
≈≈≈≈≈≈≈....#@Sv.....#
#
≈.≈≈♣.♣≈..ggv####...#
# ≈ ♣ ♣♣..v### # ###
#...# #.' ♣###...#
#.' ♣♣......# #.#
♣......## #.#
#####...## # #.#
##.....## #. ######.#


You could see 2 gnolls and a ball python (ally target).

Vanquished Creatures
  Terence (D:3)
  2 gnolls (D:3)
  3 worms
  2 dart slugs (D:3)
  A bat (D:1)
  3 endoplasms
  2 giant cockroaches (D:2)
  5 hobgoblins
  4 jackals (D:1)
  3 quokkas
  2 ball pythons (D:1)
  2 frilled lizards
  11 goblins
  7 kobolds
  5 rats
53 creatures vanquished.

Vanquished Creatures (others)
  11 foxfires (D:3)
  38 plants (D:3)
49 creatures vanquished.

Grand Total: 102 creatures vanquished

Notes
Turn   | Place    | Note
-------+----------+-------------------------------------------
     0 | D:1      | jjjjhere the Hill Orc Cinder Acolyte began the quest for
                  | the Orb.
     0 | D:1      | Reached XP level 1. HP: 19/19 MP: 2/2
   224 | D:1      | Reached XP level 2. HP: 24/27 MP: 3/3
   669 | D:1      | Reached skill level 5 in Axes
  1043 | D:2      | Reached XP level 3. HP: 33/33 MP: 4/4
  1187 | D:2      | Got An Introduction to Spellweaving
  1277 | D:2      | Found a faded altar of an unknown god.
  1546 | D:2      | Found Fucruen's Book Boutique.
  1883 | D:3      | Noticed Robin
  2253 | D:3      | Reached XP level 4. HP: 40/40 MP: 5/5
  2283 | D:3      | Noticed Terence
  2323 | D:3      | HP: 11/40 [Terence (5)]
  2333 | D:3      | HP: 6/40 [Terence (6)]
  2344 | D:3      | HP: 7/40 [Terence (1)]
  2355 | D:3      | HP: 7/40 [Terence (1)]
  2357 | D:3      | HP: 3/40 [Terence (2)]
  2358 | D:3      | Killed Terence
  2359 | D:3      | Reached skill level 6 in Axes
  2768 | D:3      | HP: 12/41 [gnoll (3)]
  2769 | D:3      | HP: 4/41 [gnoll (7)]
  2769 | D:3      | HP: 1/41 [gnoll (3)]
  2770 | D:3      | Slain by a gnoll

Illustrated notes

Levels and vault maps discovered:
D:1:      nicolae_arrival_memento_mori, layout_loops_ring
D:2:      layout_basic, basic_ecumenical_altar, serial_shops,
          nicolae_shop_behind_doors
D:3:      layout_loops_corners, serial_bayou, serial_bayou_ford_a,
          serial_bayou_lagoon_a, serial_bayou_crossing, serial_bayou_pond_a,
          kennysheep_generic_room_7, uniq_terence, uniq_robin

Skill      XL: |  1  2  3  4 |
---------------+-------------+-----
Fighting       | 4 |  4.5
Axes           | 5 6 |  6.6
Spellcasting   | |  1.0
Fire Magic     | |  3.2

Action                   |  1- 3 |  4- 6 || total
-------------------------+-------+-------++-------
Melee: Hand axe          |   109 |    53 ||   162
       Punch             |     2 |       ||     2
Invok: Foxfire Swarm     |       |     2 ||     2
       Fiery Armour      |       |     1 ||     1
Armor: Robe              |    11 |       ||    11
       Scale mail        |    28 |    16 ||    44
Dodge: Dodged            |    46 |    16 ||    62
